 Dungeon Crawl Stone Soup version 0.27-a0-109-g416527ed24 (webtiles) character file.

Game seed: 1612069025312484798

2628 foci the Chopper (level 9, -5/54 HPs)
             Began as a Gargoyle Gladiator on Jan 24, 2021.
             Slain by a wraith (6 damage)
             ... led by Josephine
             ... on level 10 of the Dungeon.
             The game lasted 00:30:10 (5382 turns).

foci the Chopper (Gargoyle Gladiator)               Turns: 5382, Time: 00:30:10

Health: -5/54      AC: 20    Str: 20    XL:     9   Next: 61%
Magic:  9/9        EV: 10    Int:  9    God:
Gold:   93         SH:  5    Dex: 18    Spells: 8/8 levels left

rFire    + . .     SeeInvis .   n - +3 hand axe (freeze)
rCold    . . .     Faith    .   g - +0 buckler
rNeg     + . .     Spirit   .   w - +3 chain mail {rF+}
rPois    ∞         Reflect  .   c - +0 helmet
rElec    +         Harm     .   (no cloak)
rCorr    .         Rampage  .   (no gloves)
Will     +....                  (no boots)
Stlth    ..........             r - amulet of regeneration
HPRegen  0.58/turn              t - +6 ring of dexterity
MPRegen  0.11/turn              j - ring of willpower

@: mighty, slowed, very slow
A: fangs 1, negative energy resistance 1, electricity resistance, wild magic 1,
unbreathing, petrification resistance, miasma immunity, MP-powered wands, AC +6
a: no special abilities


You were on level 10 of the Dungeon.
You visited 1 branch of the dungeon, and saw 8 of its levels.

You collected 490 gold pieces.
You spent 397 gold pieces at shops.

Inventory:

Hand Weapons
 a - a +0 war axe
 n - a +3 hand axe of freezing (weapon)
 x - a +3 dire flail of freezing
Armour
 c - a +0 helmet (worn)
 g - a +0 buckler (worn)
 v - the +1 hat "Seguesol" {*Contam +Blink +Fly rC-}
   (You found it on level 5 of the Dungeon)

   It makes you vulnerable to cold.
   It lets you fly.
   It lets you blink.
   It causes magical contamination when unequipped.
 w - a +3 chain mail of fire resistance (worn)
Jewellery
 h - a +6 ring of intelligence
 j - a ring of willpower (right hand)
 r - an amulet of regeneration (around neck)
 t - a +6 ring of dexterity (left hand)
 y - an uncursed ring of resist corrosion {unknown}
 B - an uncursed ring of willpower
Wands
 m - a wand of acid (3)
Scrolls
 b - 2 scrolls of fog
 f - 5 scrolls of teleportation
 k - 3 scrolls of fear
 p - 4 scrolls of remove curse
 q - a scroll of enchant armour {unknown}
 s - 4 scrolls of amnesia
 z - a scroll of identify
 A - 3 scrolls of immolation {unknown}
Potions
 d - a potion of cancellation {unknown}
 e - a potion of flight {unknown}
 i - 3 potions of might
 l - 2 potions of curing
 o - a potion of haste {unknown}
 u - a potion of resistance {unknown}


   Skills:
 + Level 5.4 Fighting
 + Level 7.6 Axes
 + Level 5.1 Throwing
 + Level 4.9 Armour
 + Level 4.1 Dodging
 + Level 1.6 Stealth
 + Level 3.5 Shields


You had 8 spell levels left.
You didn't know any spells.
Your spell library contained the following spells:

 Spells                   Type           Power        Failure   Level
 Beastly Appendage        Tmut           0%           99%         1
 Wereblood                Tmut           0%           100%        2
 Spider Form              Tmut/Pois      0%           100%        3
 Ice Form                 Ice/Tmut       0%           100%        4
 Blade Hands              Tmut           0%           100%        5


Dungeon Overview and Level Annotations

Branches:
Dungeon (7/15)
 Temple: D:4-7

Altars:
Okawaru

Shops:
D:5 [   D:7 =

Annotations:
D:10 Grum, Josephine


Innate Abilities, Weirdness & Mutations

You are resistant to torment.
Your stone body is resilient. (AC +6)
You are immune to poison.
You resist negative energy. (rN+)
You are resistant to electric shocks. (rElec)
You can survive without breathing.
You are immune to petrification.
You are immune to miasma.
You have very sharp teeth.
Your spells are a little harder to cast, but a little more powerful.
You expend magic power (3 MP) to strengthen your wands.


Message History

Grum hits you from afar with a -2 halberd!
* * * LOW HITPOINT WARNING * * *
You block the wraith's attack. The bullfrog closely misses you.
The wraith barely misses you. x2; Josephine hits you but does no damage.
The wolf bites you.
* * * LOW HITPOINT WARNING * * *
Unknown command.
You closely miss the bullfrog.
The bullfrog is heavily wounded.
You closely miss the wolf.
Your chain mail prevents you from hitting the wolf.
You closely miss the wraith. You hit the wraith. You barely miss Josephine.
You hit the wraith. You freeze the wraith.
The wolf bites you but does no damage.
The bullfrog hits you but does no damage.
The wolf bites you but does no damage. x2; The wraith closely misses you.
Josephine hits you with a +3 dagger of speed.
* * * LOW HITPOINT WARNING * * *
The wraith hits you.
You die...

...............
...............
.............#
#...........#
#...........#
#........>..#
#...........#
#.......WW..#
...#####h@@h.#
#hFW......
#.lg......
#.........
#.........
...?n.....
#####.....
.....


You could see Josephine, Grum, 3 wraiths, a wyvern, a necrophage, 3 wolves and a
bullfrog.

Vanquished Creatures
  Grinder (D:3)
  Eustachio (D:4)
  A black bear (D:6)
  An orc warrior (D:6)
  5 ogres
  2 centaurs
  5 bullfrogs
  A wyvern skeleton (D:7)
  10 wights (D:6)
  A howler monkey (D:6)
  A hound (D:5)
  A quasit (D:6)
  An orc priest (D:4)
  A bullfrog skeleton (D:4)
  A gnoll shaman (D:4)
  4 worker ants
  Natasha (twice) (D:4)
  3 orc wizards
  A hound zombie (D:5)
  2 hound skeletons (D:6)
  A worker ant zombie (D:7)
  7 gnolls
  Robin (D:3)
  8 adders
  3 shadow imps
  A white imp (D:4)
  2 ufetubi
  An ooze (D:2)
  4 worms
  The ghost of Snicker the Sneak, a weakling DsDe (D:6)
  2 dart slugs
  4 leopard geckos
  9 orcs
  A ball python (D:4)
  5 giant cockroaches
  16 goblins
  8 hobgoblins
  10 jackals
  4 quokkas
  6 bats
  5 frilled lizards
  6 kobolds
  6 rats
  3 toadstools (D:1)
159 creatures vanquished.

Vanquished Creatures (others)
  13 fungi (D:1)
  10 plants (D:2)
23 creatures vanquished.

Grand Total: 182 creatures vanquished

Notes
Turn   | Place    | Note
-------+----------+-------------------------------------------
     0 | D:1      | foci the Gargoyle Gladiator began the quest for the Orb.
     0 | D:1      | Reached XP level 1. HP: 12/12 MP: 1/1
   156 | D:1      | Reached XP level 2. HP: 12/17 MP: 2/2
   437 | D:1      | Reached skill level 3 in Axes
   529 | D:1      | Reached XP level 3. HP: 14/22 MP: 3/3
   897 | D:2      | Reached skill level 1 in Armour
  1147 | D:2      | Reached XP level 4. HP: 24/27 MP: 4/4
  2094 | D:3      | Reached XP level 5. HP: 28/31 MP: 5/5
  2135 | D:3      | Noticed Grinder
  2151 | D:3      | Paralysed by Grinder for 4 turns
  2162 | D:3      | Paralysed by Grinder for 6 turns
  2177 | D:3      | Killed Grinder
  2178 | D:3      | Reached skill level 4 in Axes
  2178 | D:3      | Reached skill level 1 in Shields
  2178 | D:3      | Reached XP level 6. HP: 28/37 MP: 6/6
  2467 | D:3      | Noticed Robin
  2482 | D:3      | Killed Robin
  2581 | D:3      | Found an iron altar of Okawaru.
  2747 | D:5      | Entered Level 5 of the Dungeon
  2990 | D:4      | Noticed Eustachio
  3017 | D:4      | Killed Eustachio
  3018 | D:4      | Reached XP level 7. HP: 41/41 MP: 7/7
  3116 | D:4      | Reached skill level 1 in Stealth
  3290 | D:4      | Noticed Natasha
  3297 | D:4      | Killed Natasha
  3428 | D:4      | Noticed Natasha
  3437 | D:4      | Killed Natasha
  3438 | D:4      | Reached skill level 5 in Axes
  3641 | D:5      | Reached XP level 8. HP: 32/48 MP: 8/8
  3905 | D:5      | Got a bloodstained hat
  3916 | D:5      | Identified the +1 hat "Seguesol" {*Contam +Blink +Fly rC-}
                  | (You found it on level 5 of the Dungeon)
  3966 | D:5      | Gained mutation: You can translocate small distances at
                  | will. [mutagenic glow]
  4126 | D:5      | Found Askefeol's Armour Emporium.
  4129 | D:5      | Bought a +3 chain mail of fire resistance for 397 gold
                  | pieces
  4651 | D:6      | Reached skill level 6 in Axes
  4749 | D:6      | Reached XP level 9. HP: 49/53 MP: 9/9
  4799 | D:6      | Reached skill level 5 in Throwing
  4826 | D:6      | Reached skill level 5 in Fighting
  4832 | D:6      | Lost mutation: You can translocate small distances at will.
                  | [potion of mutation]
  4832 | D:6      | Gained mutation: Your spells are a little harder to cast,
                  | but a little more powerful. [potion of mutation]
  4832 | D:6      | Gained mutation: You expend magic power (3 MP) to
                  | strengthen your wands. [potion of mutation]
  4832 | D:6      | Gained mutation: You have very sharp teeth. [potion of
                  | mutation]
  4835 | D:6      | Reached skill level 7 in Axes
  5003 | D:6      | Found a runed translucent door.
  5003 | D:6      | Noticed Snicker's ghost (weakling DsDe)
  5007 | D:6      | Killed Snicker's ghost
  5366 | D:7      | Found Botepluh's Jewellery Boutique.
  5370 | D:7      | You fall into a shaft and drop 3 floors!
  5370 | D:10     | Entered Level 10 of the Dungeon
  5371 | D:10     | Noticed Josephine
  5376 | D:10     | Noticed Grum
  5382 | D:10     | HP: 1/54 [Josephine/+3 dagger of speed (4)]
  5382 | D:10     | Slain by a wraith

Illustrated notes

Levels and vault maps discovered:
D:1:      dpeg_arrival_tiny_a, layout_loops_ring, minmay_gold_behind_fungi,
          minmay_pentomino_v2
D:2:      layout_rooms, chequers_big_river
D:3:      layout_loops_ring, general_overflow_altar, uniq_robin, uniq_grinder
D:4:      layout_basic, kennysheep_windowed_goal, uniq_eustachio, uniq_natasha
D:5:      layout_basic, serial_rivers, chequers_serial_rivers_micro_b,
          chequers_serial_rivers_small_3, chequers_serial_rivers_micro_d,
          chequers_serial_rivers_micro_a, chequers_serial_rivers_marsh,
          chequers_serial_rivers_room_b, serial_shops, shop
D:6:      layout_rooms, gammafunk_ghost_grave
D:7:      layout_cave_pools, minmay_temple_entry_hall, serial_shops, shop,
          nicolae_ossuary_entry_plus, uniq_duvessa
D:10:     layout_irregular_city, serial_ice, serial_ice_c, serial_ice_f,
          serial_ice_h, serial_ice_d, nicolae_trove_entry_path_of_doom,
          uniq_grum, uniq_josephine

Skill      XL: |  1  2  3  4  5  6  7  8  9 |
---------------+----------------------------+-----
Throwing       | 2 3 4 5 |  5.1
Axes           | 3 4 5 6 7 |  7.6
Armour         | 1 2 3 4 |  4.9
Fighting       | 3 4 5 |  5.4
Shields        | 1 2 3 |  3.5
Dodging        | 3 4 |  4.1
Stealth        | 1 |  1.6

Action                   |  1- 3 |  4- 6 |  7- 9 || total
-------------------------+-------+-------+-------++-------
Melee: War axe           |   113 |   164 |   264 ||   541
       Hand axe          |       |       |    76 ||    76
       Bite              |       |       |    17 ||    17
Throw: Throwing net      |     5 |       |       ||     5
       Dart              |       |    82 |    62 ||   144
  Use: Scroll            |     1 |     4 |     2 ||     7
       Potion            |       |       |     6 ||     6
 Stab: Held in net/web   |     1 |       |       ||     1
Armor: Leather armour    |    47 |       |       ||    47
       Ring mail         |    14 |    91 |    49 ||   154
       Chain mail        |       |       |   156 ||   156
Dodge: Dodged            |    74 |   129 |   199 ||   402
Block: Buckler           |    10 |    25 |    83 ||   118

Table legend: (Time is in decaauts)
 A = Elapsed time spent in this place.
 B = Non-inter-level travel time spent in this place.
 C = Inter-level travel time spent in this place.
 D = Time resting spent in this place.
 E = Time spent auto-exploring this place.
 F = Levels seen in this place.
 G = Mean time per level.
                   A        B        C        D        E       F      G
               +--------+--------+--------+--------+--------+-----+--------+
         Total |   5548 |   5548 |      0 |    264 |   2585 |   8 |  693.5 |
       Dungeon |   5548 |   5548 |      0 |    264 |   2585 |   8 |  693.5 |
               +--------+--------+--------+--------+--------+-----+--------+

Top non-repeatable levels by time:
     D:2: 1042 daAuts
     D:5: 1029 daAuts
     D:3: 943 daAuts
     D:4: 838 daAuts
     D:1: 819 daAuts
     D:6: 688 daAuts
     D:7: 172 daAuts
    D:10: 14 daAuts
